 Dungeon Crawl Stone Soup version 0.29-a0-521-g59ce8b2d47 (webtiles) character file.

Game seed: 15320423231875299634

826 Nedwor the Basher (level 7, 0/64 HPs)
             Began as a Minotaur Gladiator on June 1, 2022.
             Slain by an adder (1 damage)
             ... on level 5 of the Dungeon.
             The game lasted 00:06:11 (4697 turns).

Nedwor the Basher (Minotaur Gladiator)              Turns: 4697, Time: 00:06:11

Health: 0/64       AC:  7    Str: 20    XL:     7   Next: 64%
Magic:  6/6        EV: 10    Int:  5    God:
Gold:   157        SH:  0    Dex: 12    Spells: 6/6 levels left

rFire   . . .      SeeInvis .   a - +0 flail
rCold   . . .      Faith    .   (no shield)
rNeg    . . .      Spirit   .   g - +0 scale mail
rPois   .          Reflect  .   c - +0 hat
rElec   .          Harm     .   (no cloak)
rCorr   .          Rampage  .   q - +0 pair of gloves
Will    .....                   (no boots)
Stlth   ..........              (no amulet)
HPRegen 0.20/turn               (no ring)
MPRegen 0.10/turn               (no ring)

@: no status effects
A: horns 2, retaliatory headbutt
a: no special abilities


You were on level 5 of the Dungeon.
You visited 1 branch of the dungeon, and saw 5 of its levels.

You collected 157 gold pieces.

Inventory:

Hand Weapons
 a - a +0 flail (weapon)
 f - a +0 whip
Missiles
 d - 3 throwing nets (quivered)
 e - a javelin
Armour
 c - a +0 hat (worn)
 g - a +0 scale mail (worn)
 q - a +0 pair of gloves (worn)
Magical Staves
 n - a staff of cold
Jewellery
 i - a ring of wizardry
 r - a ring of protection from cold
 s - an amulet of magic regeneration
 u - a ring of positive energy
 v - a +4 ring of evasion
Scrolls
 b - 2 scrolls of summoning
 h - 2 scrolls of identify
 l - a scroll of brand weapon {unknown}
 t - a scroll of immolation {unknown}
 x - a scroll of fear {unknown}
Potions
 j - a potion of ambrosia {unknown}
 k - 2 potions of invisibility
 m - a potion of resistance {unknown}
 o - a potion of flight {unknown}
 p - a potion of brilliance {unknown}
 w - 2 potions of degeneration {unknown}
 z - a potion of curing {unknown}
 A - 2 potions of attraction {unknown}


   Skills:
 + Level 6.3 Fighting
 * Level 9.2 Maces & Flails
 - Level 2.0 Throwing
 - Level 3.2 Dodging


You had 6 spell levels left.
You didn't know any spells.
Your spell library contained the following spells:

 Spells                   Type           Power      Damage    Failure   Level
 Scorch                   Fire           0%         2d5       94%         2
 Flame Wave               Conj/Fire      0%         2d4       100%        4
 Petrify                  Tmut/Erth      0%         N/A       100%        4
 Fireball                 Conj/Fire      0%         3d3       100%        5
 Metabolic Englaciation   Hex/Ice        0%         N/A       100%        5
 Starburst                Conj/Fire      0%         6d3       100%        6
 Statue Form              Tmut/Erth      0%         N/A       100%        6
 Summon Cactus Giant      Summ           0%         N/A       100%        6
 Ignition                 Fire           0%         3d3       100%        8


Dungeon Overview and Level Annotations

Branches:
Dungeon (5/15)             Temple (0/1) D:5

Altars:
Dithmenos
Fedhas
Okawaru
Ru
Vehumet

Annotations:
D:5 3 runed translucent doors


Innate Abilities, Weirdness & Mutations

You have a pair of horns on your head.
You reflexively headbutt those who attack you in melee.


Message History

The ogre is moderately wounded.
You sock the ogre!
The ogre is severely wounded.
The ogre completely misses you. The adder bites you but does no damage.
You completely miss the ogre. You headbutt the ogre!
The ogre is almost dead.
The adder bites you but does no damage.
The ogre hits you with a +0 giant spiked club!!
* * * LOW HITPOINT WARNING * * *
You are too injured to fight recklessly!
You barely miss the ogre.
The ogre is almost dead.
The adder closely misses you.
You hit the ogre.
You kill the ogre!
The adder bites you.
* * * LOW HITPOINT WARNING * * *
You are poisoned.
The adder poisons you!
Found a staircase to the Ecumenical Temple.
You feel sick. The adder bites you but does no damage.
The adder barely misses you. You furiously retaliate!
You headbutt the adder.
You see here a +0 giant spiked club.
You feel sick. The adder bites you.
* * * LOW HITPOINT WARNING * * *
You feel sick. The adder closely misses you. You furiously retaliate!
You headbutt the adder. The orc hits you with a +0 rapier.
* * * LOW HITPOINT WARNING * * *
You see here a +0 giant spiked club.
You feel sick. The adder closely misses you.
The orc throws an atropa-tipped dart.
The atropa-tipped dart completely misses you.
The adder bites you.
* * * LOW HITPOINT WARNING * * *
* * * LOW HITPOINT WARNING * * *
You feel sick.
You are no longer poisoned.
The adder bites you but does no damage. The adder bites you.
You die...

.......##
#.#####.
.....#..#
#.......
........#
#######.
.#.#.#..# #......
........# #.####.
#...# #.# ##
#..)# #.# #
###o###########
#.# #
#..S@.......###.#
#
#########.....#.#
# #.#.#.#.#####
#.#..........
#.#.....#####
#.....### ###.###
#.#####.#
#.......#


You could see an adder and an orc.

Vanquished Creatures
  2 black bears (D:5)
  A centaur (D:5)
  2 ogres (D:5)
  2 scorpions
  A hound (D:5)
  Jessica (D:3)
  2 iguanas (D:5)
  An orc wizard (D:4)
  Robin (D:3)
  4 adders
  A white imp (D:5)
  3 dart slugs
  3 orcs (D:4)
  6 ball pythons
  4 endoplasms
  3 giant cockroaches (D:1)
  11 goblins
  15 hobgoblins
  4 jackals (D:4)
  5 quokkas
  3 bats (D:1)
  5 frilled lizards
  7 kobolds
  7 rats
94 creatures vanquished.

Vanquished Creatures (others)
  A plant (D:2)
1 creature vanquished.

Grand Total: 95 creatures vanquished

Notes
Turn   | Place    | Note
-------+----------+-------------------------------------------
     0 | D:1      | Nedwor the Minotaur Gladiator began the quest for the Orb.
     0 | D:1      | Reached XP level 1. HP: 18/18 MP: 0/0
    85 | D:1      | Reached skill level 4 in Maces & Flails
   159 | D:1      | Reached XP level 2. HP: 25/25 MP: 1/1
   654 | D:1      | Reached XP level 3. HP: 30/31 MP: 2/2
  1170 | D:2      | Reached skill level 5 in Maces & Flails
  1308 | D:2      | Found a faded altar of an unknown god.
  1620 | D:3      | Noticed Robin
  1655 | D:3      | Killed Robin
  1656 | D:3      | Reached XP level 4. HP: 18/39 MP: 3/3
  2109 | D:3      | Noticed Jessica
  2117 | D:3      | Killed Jessica
  2118 | D:3      | Found a sacrificial altar of Ru.
  2119 | D:3      | Found an iron altar of Okawaru.
  2122 | D:3      | Found a blossoming altar of Fedhas.
  2123 | D:3      | Found a radiant altar of Vehumet.
  2148 | D:3      | Found a shadowy altar of Dithmenos.
  2592 | D:4      | Reached skill level 6 in Maces & Flails
  2895 | D:4      | Noticed a scorpion
  2901 | D:4      | Killed a scorpion
  2902 | D:4      | Reached XP level 5. HP: 32/47 MP: 4/4
  3449 | D:5      | Entered Level 5 of the Dungeon
  3562 | D:5      | Noticed a black bear
  3570 | D:5      | Killed a black bear
  3571 | D:5      | Reached skill level 5 in Fighting
  3571 | D:5      | Reached skill level 7 in Maces & Flails
  3571 | D:5      | Reached XP level 6. HP: 25/56 MP: 5/5
  3983 | D:5      | Found a runed translucent gate.
  3983 | D:5      | Found a runed translucent gate.
  3983 | D:5      | Found a runed translucent gate.
  4002 | D:5      | Reached skill level 8 in Maces & Flails
  4002 | D:5      | Reached XP level 7. HP: 52/61 MP: 6/6
  4155 | D:5      | HP: 2/62 [centaur (5)]
  4157 | D:5      | Reached skill level 9 in Maces & Flails
  4690 | D:5      | Found a staircase to the Ecumenical Temple.
  4692 | D:5      | HP: 3/64 [orc/+0 rapier (1)]
  4693 | D:5      | HP: 1/64 [adder (1)]
  4697 | D:5      | Slain by an adder

Illustrated notes

Levels and vault maps discovered:
D:1:      minmay_arrival_jagged, layout_loops_ring, nicolae_figureground_sparkle
D:2:      layout_loops_cross, shapermc_ecumenical_altar_flowoftime
D:3:      layout_loops_ring, grunt_dithmenos_smoke, minitemple, uniq_jessica,
          uniq_robin
D:4:      layout_loops_cross, kennysheep_donut
D:5:      minmay_chambers_of_fours, layout_loops_ring,
          minmay_temple_entry_glass, gammafunk_ghost_icy, hangedman_decor_lopped

Skill      XL: |  1  2  3  4  5  6  7 |
---------------+----------------------+-----
Maces & Flails | 4 5 6 7 8 9 |  9.2
Fighting       | 3 4 5 6 |  6.3
Throwing       | |  2.0
Dodging        | |  3.2

Action                   |  1- 3 |  4- 6 |  7- 9 || total
-------------------------+-------+-------+-------++-------
Melee: Flail             |   112 |    93 |    31 ||   236
       Headbutt          |    12 |    13 |     5 ||    30
       Punch             |       |     1 |     1 ||     2
  Use: Scroll            |       |     7 |       ||     7
Armor: Scale mail        |    45 |    48 |    12 ||   105
       Leather armour    |     2 |       |       ||     2
Dodge: Dodged            |    77 |    51 |    21 ||   149

Table legend: (Time is in decaauts)
 A = Elapsed time spent in this place.
 B = Non-inter-level travel time spent in this place.
 C = Inter-level travel time spent in this place.
 D = Time resting spent in this place.
 E = Time spent auto-exploring this place.
 F = Levels seen in this place.
 G = Mean time per level.
                   A        B        C        D        E       F      G
               +--------+--------+--------+--------+--------+-----+--------+
         Total |   4722 |   4564 |    158 |    570 |   3382 |   5 |  944.4 |
       Dungeon |   4722 |   4564 |    158 |    570 |   3382 |   5 |  944.4 |
               +--------+--------+--------+--------+--------+-----+--------+

Top non-repeatable levels by time:
     D:5: 1247 daAuts
     D:4: 994 daAuts
     D:3: 863 daAuts
     D:1: 819 daAuts
     D:2: 797 daAuts
